 Dungeon Crawl Stone Soup version 0.20-a0-842-g939b552 (webtiles) character file.

69 M4edhros the Poker (level 4, -4/35 HPs)
             Began as a Mummy Chaos Knight on Mar 9, 2017.
             Slain by a worm (17 damage)
             ... on level 2 of the Dungeon.
             The game lasted 00:00:54 (960 turns).

M4edhros the Poker (Mummy Chaos Knight)              Turns: 960, Time: 00:00:55

Health: -4/35      AC:  5    Str: 15    XL:     4   Next: 2%
Magic:  4/4        EV: 11    Int: 11    God:    Xom [..*...]
Gold:   64         SH:  0    Dex: 12    Spells: 3/3 levels left

rFire    x . .     SeeInvis .   a - +0 spear (chaos)
rCold    + . .     Gourm    .   b - +2 leather armour
rNeg     + + +     Faith    .   (no shield)
rPois    ∞         Spirit   .   (no helmet)
rElec    .         Reflect  .   (no cloak)
rCorr    .         Harm     .   (no gloves)
MR       .....                  (no boots)
Stlth    +.........             (no amulet)
Regen    0.2/turn               (no ring)
MPRegen  0.1/turn               (no ring)

@: no status effects
A: no food or potions, fire vulnerability, cold resistance 1, negative energy
resistance 3, torment resistance, unbreathing
a: Renounce Religion


You were on level 2 of the Dungeon.
You worshipped Xom.
You were a toy of Xom.
You were not hungry.

You visited 1 branch of the dungeon, and saw 2 of its levels.

You collected 64 gold pieces.

Inventory:

Hand Weapons
 a - a +0 spear of chaos (weapon)
Armour
 b - a +2 leather armour (worn)
Scrolls
 c - 3 scrolls of remove curse {unknown}
 d - a scroll of random uselessness {unknown}
 e - 3 scrolls of enchant weapon {unknown}
 f - 2 scrolls of immolation {unknown}
 g - a scroll of teleportation {unknown}
 h - a scroll of amnesia {unknown}


   Skills:
 - Level 3.0 Fighting
 + Level 4.0 Polearms
 - Level 1.5 Armour
 - Level 0.7 Dodging


You had 3 spell levels left.
You didn't know any spells.

Dungeon Overview and Level Annotations

Branches:
Dungeon (2/15)

Altars:


Innate Abilities, Weirdness & Mutations

You do not eat or drink.
Your flesh is vulnerable to fire.
You are immune to poison.
Your flesh is cold resistant. (rC+)
You are immune to negative energy. (rN+++)
You are immune to unholy pain and torment.
You can survive without breathing.


Message History

A worm comes into view.
A worm is nearby!
Items here: †††† a jackal corpse x4
You hit the worm.
The worm is lightly wounded.
You hit the worm.
The worm is poisoned.
The worm is moderately wounded.
The worm closely misses you.
You hit the worm.
The worm is moderately wounded.
You hit the worm.
The worm is heavily wounded.
The worm bites you!
You barely miss the worm.
The worm is heavily wounded.
You hit the worm but do no damage.
The worm goes berserk!
The worm is heavily wounded.
The worm bites you!
You die...

##....).†....#
....#####..)########
##..# ###........##
##..# ######..>.# ...##
#.#### ....## #.# ..#..#
#†# ..##.# ##.# #.##.#
#####.@###### #.##.#
##..$.w#.....# #.##.#
#.............# #.##.#
#............... ..##.#
#............... #..#.##
#............... #..#..#
#...............
#...#.###............>..
#.#....................


You could see a worm (berserk).

Vanquished Creatures
  An adder (D:2)
  2 dart slugs (D:1)
  5 leopard geckos
  8 bats
  2 giant cockroaches (D:1)
  4 hobgoblins
  6 jackals (D:2)
  5 kobolds
  A quokka (D:2)
  A frilled lizard (D:2)
  5 goblins
  6 rats
46 creatures vanquished.

Notes
Turn   | Place    | Note
-------+----------+-------------------------------------------
     0 | D:1      | M4edhros the Mummy Chaos Knight began the quest for the Orb.
     0 | D:1      | Reached XP level 1. HP: 18/18 MP: 1/1
    47 | D:1      | Reached XP level 2. HP: 21/24 MP: 2/2
    57 | D:1      | Reached skill level 3 in Polearms
   283 | D:1      | XOM: divination: magic mapping
   388 | D:1      | XOM: silly message
   418 | D:1      | Reached XP level 3. HP: 29/29 MP: 3/3
   541 | D:1      | XOM: noise
   663 | D:2      | XOM: smoke on damage
   777 | D:2      | Reached skill level 4 in Polearms
   821 | D:2      | Reached XP level 4. HP: 6/35 MP: 4/4
   960 | D:2      | Slain by a worm

Vault maps used:
D:1:      eino_arrival_water_star, minmay_fountain_box, minmay_misc_feat_tiny
D:2:      lemuel_crystal_altar

Skill      XL: |  1  2  3 |
---------------+----------+-----
Polearms       | 3 4 |  4.0
Fighting       | |  3.0
Armour         | |  1.5
Dodging        | |  0.7

Action                   |  1- 3 |  4- 6 || total
-------------------------+-------+-------++-------
Melee: Spear             |   158 |     6 ||   164
Armor: Leather armour    |    72 |       ||    72
Dodge: Dodged            |   104 |     1 ||   105
